3L
KINGSTON TOWNSHIP LEGION @ PORTLAND EVERGREENS
07/26/2026
 
TOP OF THE 1ST
Kingston Township Legion batting - Pitching for Portland Evergreens : RHP Leroy Picot
Pitching: RHP Leroy Picot
Batting: LHB Forrest McCooke 0-0: Ball
1-0: Swinging Strike
1-1: Swinging Strike
1-2: Strikes out swinging
Batting: LHB Andrés Chávez 0-0: Called Strike
0-1: Ball
1-1: Swinging Strike
1-2: Foul Ball, location: 2F
1-2: Foul Ball, location: 2F
1-2: Strikes out looking
Batting: LHB Christian Blair 0-0: Called Strike
0-1: Ball
1-1: Called Strike
1-2: Ball
2-2: Ground out 4-3 (Groundball, 4S)
Top of the 1st over - 0 run(s), 0 hit(s), 0 error(s), 0 left on base; Kingston Township 0 - Portland 0
BOTTOM OF THE 1ST
Portland Evergreens batting - Pitching for Kingston Township Legion : RHP Woody Carlson
Pitching: RHP Woody Carlson
Batting: RHB Silvio Bonauiti 0-0: Ball
1-0: Swinging Strike
1-1: Swinging Strike
1-2: Ground out 5-3 (Groundball, 56)
Batting: LHB António González 0-0: Ball
1-0: Called Strike
1-1: Foul Ball, location: 2F
1-2: Ball
2-2: Foul Ball, location: 2F
2-2: Foul Ball, location: 2F
2-2: Strikes out swinging
Batting: RHB Roland Deschain 0-0: Ball
1-0: Foul Ball, location: 2F
1-1: Ground out 6-3 (Groundball, 56D)
Bottom of the 1st over - 0 run(s), 0 hit(s), 0 error(s), 0 left on base; Kingston Township 0 - Portland 0
TOP OF THE 2ND
Kingston Township Legion batting - Pitching for Portland Evergreens : RHP Leroy Picot
Batting: RHB Clarence Neal 0-0: Ball
1-0: Ground out 4-3 (Groundball, 4)
Batting: RHB EP Weston 0-0: Called Strike
0-1: Ball
1-1: Called Strike
1-2: Strikes out swinging
Batting: LHB Ye Der 0-0: Fly out, F4 (Popup, 4)
Top of the 2nd over - 0 run(s), 0 hit(s), 0 error(s), 0 left on base; Kingston Township 0 - Portland 0
BOTTOM OF THE 2ND
Portland Evergreens batting - Pitching for Kingston Township Legion : RHP Woody Carlson
Batting: SHB Chris Williamson 0-0: Foul Ball, location: 2F
0-1: Foul Ball, location: 2F
0-2: Ball
1-2: Ground out U3 (Groundball, 3)
Batting: LHB Luis Velázquez 0-0: Swinging Strike
0-1: Foul Ball, location: 2F
0-2: Ball
1-2: Ball
2-2: Strikes out swinging
Batting: SHB Eddie Ménard 0-0: Ground out 5-3 (Groundball, 56)
Bottom of the 2nd over - 0 run(s), 0 hit(s), 0 error(s), 0 left on base; Kingston Township 0 - Portland 0
TOP OF THE 3RD
Kingston Township Legion batting - Pitching for Portland Evergreens : RHP Leroy Picot
Batting: RHB Jim Scott 0-0: Swinging Strike
0-1: Foul Ball, location: 2F
0-2: Strikes out swinging
Batting: RHB Jeffery Campbell 0-0: Called Strike
0-1: Foul Ball, location: 2F
0-2: Ground out 5-3 (Groundball, 56S)
Batting: RHB Juan Aguirre 0-0: Ball
1-0: Ball
2-0: Foul Ball, location: 2F
2-1: Swinging Strike
2-2: Strikes out swinging
Top of the 3rd over - 0 run(s), 0 hit(s), 0 error(s), 0 left on base; Kingston Township 0 - Portland 0
BOTTOM OF THE 3RD
Portland Evergreens batting - Pitching for Kingston Township Legion : RHP Woody Carlson
Batting: RHB José López 0-0: Fly out, F5 (Line Drive, 5)
Batting: RHB Roy Herring 0-0: Called Strike
0-1: Swinging Strike
0-2: Foul Ball, location: 2F
0-2: Ground out 5-3 (Groundball, 56)
Batting: LHB Joram Nelen 0-0: Called Strike
0-1: Ball
1-1: Ball
2-1: Ball
3-1: Ground out 6-3 (Groundball, 6)
Bottom of the 3rd over - 0 run(s), 0 hit(s), 0 error(s), 0 left on base; Kingston Township 0 - Portland 0
TOP OF THE 4TH
Kingston Township Legion batting - Pitching for Portland Evergreens : RHP Leroy Picot
Batting: LHB Forrest McCooke 0-0: Ball
1-0: Ground out 6-3 (Groundball, 56D)
Batting: LHB Andrés Chávez 0-0: Called Strike
0-1: Called Strike
0-2: Strikes out swinging
Batting: LHB Christian Blair 0-0: Called Strike
0-1: Called Strike
0-2: Ball
1-2: Strikes out swinging
Top of the 4th over - 0 run(s), 0 hit(s), 0 error(s), 0 left on base; Kingston Township 0 - Portland 0
BOTTOM OF THE 4TH
Portland Evergreens batting - Pitching for Kingston Township Legion : RHP Woody Carlson
Batting: RHB Silvio Bonauiti 0-0: Called Strike
0-1: Foul Ball, location: 2F
0-2: Strikes out looking
Batting: LHB António González 0-0: Called Strike
0-1: Foul Ball, location: 2F
0-2: Ball
1-2: Foul Ball, location: 2F
1-2: Strikes out looking
Batting: RHB Roland Deschain 0-0: Ball
1-0: Ball
2-0: Ground out 6-3 (Groundball, 6)
Bottom of the 4th over - 0 run(s), 0 hit(s), 0 error(s), 0 left on base; Kingston Township 0 - Portland 0
TOP OF THE 5TH
Kingston Township Legion batting - Pitching for Portland Evergreens : RHP Leroy Picot
Batting: RHB Clarence Neal 0-0: Swinging Strike
0-1: Foul Ball, location: 2F
0-2: Strikes out looking
Batting: RHB EP Weston 0-0: Called Strike
0-1: Ball
1-1: Ball
2-1: Ball
3-1: Called Strike
3-2: Base on Balls
Batting: LHB Ye Der 0-0: Ball
1-0: Foul Ball, location: 2F
1-1: SINGLE (Line Drive, 4MD)
EP Weston to second
Batting: RHB Jim Scott 0-0: Called Strike
0-1: 3-RUN HOME RUN (Flyball, 7D), Distance : 384 ft
Batting: RHB Jeffery Campbell 0-0: Called Strike
0-1: Ball
1-1: Ball
2-1: Ground out 4-3 (Groundball, 4)
Batting: RHB Juan Aguirre 0-0: Ball
1-0: Foul Ball, location: 2F
1-1: Ball
2-1: Foul Ball, location: 2F
2-2: Strikes out looking
Top of the 5th over - 3 run(s), 2 hit(s), 0 error(s), 0 left on base; Kingston Township 3 - Portland 0
BOTTOM OF THE 5TH
Portland Evergreens batting - Pitching for Kingston Township Legion : RHP Woody Carlson
Batting: SHB Chris Williamson 0-0: Ball
1-0: DOUBLE (Groundball, 5L)
Batting: LHB Luis Velázquez 0-0: Foul Ball, location: 2F
0-1: Swinging Strike
0-2: Reached via error on a dropped throw, E3
Chris Williamson to third
Batting: SHB Eddie Ménard 0-0: Called Strike
0-1: Ball
1-1: Fly out, F8 (Flyball, 8LM)
Runner from 3rd tags up, SCORES, no throw
Batting: RHB José López 0-0: Grounds into double play, 4-6-3 (Groundball, 4)
Bottom of the 5th over - 1 run(s), 1 hit(s), 1 error(s), 0 left on base; Kingston Township 3 - Portland 1
TOP OF THE 6TH
Kingston Township Legion batting - Pitching for Portland Evergreens : RHP Leroy Picot
Batting: LHB Forrest McCooke 0-0: Called Strike
0-1: DOUBLE (Flyball, 7)
Batting: LHB Andrés Chávez 0-0: Ball
1-0: Ball
2-0: Ball
3-0: Base on Balls
Batting: LHB Christian Blair 0-0: Ball
1-0: Ball
2-0: Called Strike
2-1: Ball
3-1: Base on Balls
Forrest McCooke to third
Andrés Chávez to second
Batting: RHB Clarence Neal 0-0: Foul Ball, location: 2F
0-1: Ball
1-1: Swinging Strike
1-2: Ball
2-2: Ball
3-2: Base on Balls
Forrest McCooke scores
Andrés Chávez to third
Christian Blair to second
Batting: RHB EP Weston 0-0: Ball
1-0: Ball
2-0: Foul Ball, location: 2F
2-1: Ball
3-1: Base on Balls
Andrés Chávez scores
Christian Blair to third
Clarence Neal to second
Batting: LHB Ye Der 0-0: Ball
1-0: Called Strike
1-1: Swinging Strike
1-2: Ball
2-2: Ball
3-2: GRAND SLAM HOME RUN (Flyball, 8RXD), Distance : 412 ft
Pitching: RHP Pedro Lara
Batting: RHB Jim Scott 0-0: Swinging Strike
0-1: Called Strike
0-2: Foul Ball, location: 2F
0-2: Fly out, F7 (Flyball, 7)
Batting: RHB Jeffery Campbell 0-0: Swinging Strike
0-1: Ball
1-1: Ground out 5-3 (Groundball, 56S)
Batting: RHB Juan Aguirre 0-0: Ball
1-0: Ground out 6-3 (Groundball, 56)
Top of the 6th over - 6 run(s), 2 hit(s), 0 error(s), 0 left on base; Kingston Township 9 - Portland 1
BOTTOM OF THE 6TH
Portland Evergreens batting - Pitching for Kingston Township Legion : RHP Woody Carlson
Batting: RHB Roy Herring 0-0: Called Strike
0-1: Ball
1-1: Foul Ball, location: 2F
1-2: Ball
2-2: SINGLE (Groundball, 6MD)
Batting: LHB Joram Nelen 0-0: Ball
1-0: Foul Ball, location: 2F
1-1: Swinging Strike
1-2: Foul Ball, location: 2F
1-2: Foul Ball, location: 2F
1-2: Strikes out swinging
Batting: RHB Silvio Bonauiti 0-0: Ball
1-0: Ball
2-0: Grounds into double play, 4-6-3 (Groundball, 4)
Bottom of the 6th over - 0 run(s), 1 hit(s), 0 error(s), 0 left on base; Kingston Township 9 - Portland 1
TOP OF THE 7TH
Kingston Township Legion batting - Pitching for Portland Evergreens : RHP Pedro Lara
Batting: LHB Forrest McCooke 0-0: Ball
1-0: Ball
2-0: SINGLE (Groundball, 4MD)
Batting: LHB Andrés Chávez 0-0: Ball
1-0: Foul Ball, location: 2F
1-1: Ball
2-1: Ball
3-1: Called Strike
3-2: Base on Balls
Forrest McCooke to second
Batting: LHB Christian Blair 0-0: Ball
1-0: Ball
2-0: SINGLE (Line Drive, 6D)
Forrest McCooke to third
Andrés Chávez to second
Runner from 3rd tries for Home, SAFE, no throw
Batting: RHB Clarence Neal 0-0: Ball
1-0: Swinging Strike
1-1: Ball
Wild Pitch!
Andrés Chávez to third
Christian Blair to second
2-1: Called Strike
2-2: Strikes out looking
Batting: RHB EP Weston 0-0: Called Strike
0-1: SINGLE (Groundball, 6MD)
Andrés Chávez scores
Christian Blair to third
Runner from 3rd tries for Home, SAFE, no throw
Batting: LHB Ye Der 0-0: Swinging Strike
0-1: Ball
1-1: Called Strike
1-2: SINGLE (Flyball, 78S)
EP Weston to second
Batting: RHB Jim Scott 0-0: Called Strike
0-1: DOUBLE (Line Drive, 7LM)
EP Weston scores
Ye Der to third
Pitching: LHP Jesús Medina
Batting: RHB Jeffery Campbell 0-0: Called Strike
0-1: Called Strike
0-2: Ball
1-2: SINGLE (Groundball, 34D)
Ye Der scores
Jim Scott to third
Runner from 3rd tries for Home, SAFE, throw made home
Batting: RHB Juan Aguirre 0-0: Ball
1-0: Ball
2-0: Called Strike
2-1: 2-RUN HOME RUN (Flyball, 8LXD), Distance : 434 ft
Batting: LHB Forrest McCooke 0-0: Called Strike
0-1: Swinging Strike
0-2: Strikes out swinging
Batting: LHB Andrés Chávez 0-0: Ball
1-0: Ball
2-0: Foul Ball, location: 2F
2-1: Swinging Strike
2-2: Ball
3-2: Foul Ball, location: 2F
3-2: Strikes out swinging
Top of the 7th over - 8 run(s), 7 hit(s), 0 error(s), 0 left on base; Kingston Township 17 - Portland 1
BOTTOM OF THE 7TH
Portland Evergreens batting - Pitching for Kingston Township Legion : RHP Woody Carlson
Batting: LHB António González 0-0: Ball
1-0: Ball
2-0: Fly out, F8 (Flyball, 8LXD)
Batting: RHB Roland Deschain 0-0: Fly out, F7 (Line Drive, 7S)
Batting: SHB Chris Williamson 0-0: Ball
1-0: Ball
2-0: Called Strike
2-1: Fly out, F9 (Flyball, 89M)
Bottom of the 7th over - 0 run(s), 0 hit(s), 0 error(s), 0 left on base; Kingston Township 17 - Portland 1
TOP OF THE 8TH
Kingston Township Legion batting - Pitching for Portland Evergreens : LHP Jesús Medina
Batting: LHB Christian Blair 0-0: Foul Ball, location: 2F
0-1: Fly out, F9 (Line Drive, 9LD)
Batting: RHB Clarence Neal 0-0: Called Strike
0-1: Ball
1-1: Ball
2-1: Foul Ball, location: 2F
2-2: DOUBLE (Flyball, 89M)
Pinch Hitting: RHB Pedro Mendoza 0-0: Called Strike
0-1: Foul Ball, location: 2F
0-2: Foul Ball, location: 2F
0-2: Strikes out swinging
Batting: LHB Ye Der 0-0: Ball
1-0: Ball
2-0: Fly out, F6 (Line Drive, 6M)
Top of the 8th over - 0 run(s), 1 hit(s), 0 error(s), 1 left on base; Kingston Township 17 - Portland 1
BOTTOM OF THE 8TH
Portland Evergreens batting - Pitching for Kingston Township Legion : RHP Woody Carlson
Now at 1B: Pedro Mendoza
Batting: LHB Luis Velázquez 0-0: Ball
1-0: Ball
2-0: Ball
3-0: Base on Balls
Batting: SHB Eddie Ménard 0-0: Ball
1-0: Ball
2-0: Foul Ball, location: 2F
2-1: Ball
3-1: Base on Balls
Luis Velázquez to second
Batting: RHB José López 0-0: Swinging Strike
0-1: Ball
1-1: Called Strike
1-2: Ball
2-2: Fly out, F3 (Flyball, 3DF)
Batting: RHB Roy Herring 0-0: Foul Ball, location: 2F
0-1: Fly out, F2 (Popup, 23)
Batting: LHB Joram Nelen 0-0: Reaches on Catchers interference
Luis Velázquez to third
Eddie Ménard to second
Batting: RHB Silvio Bonauiti 0-0: Ball
1-0: Ball
2-0: Foul Ball, location: 2F
2-1: Foul Ball, location: 2F
2-2: Ball
3-2: Base on Balls
Luis Velázquez scores
Eddie Ménard to third
Joram Nelen to second
Batting: LHB António González 0-0: Ball
1-0: Fielders Choice at 2nd, 6-4 (Groundball, 6)
Bottom of the 8th over - 1 run(s), 0 hit(s), 1 error(s), 2 left on base; Kingston Township 17 - Portland 2
TOP OF THE 9TH
Kingston Township Legion batting - Pitching for Portland Evergreens : LHP Jesús Medina
Batting: RHB Jim Scott 0-0: Called Strike
0-1: Ball
1-1: Fly out, F7 (Flyball, 7S)
Batting: RHB Jeffery Campbell 0-0: Ball
1-0: Called Strike
1-1: Foul Ball, location: 2F
1-2: Strikes out swinging
Batting: RHB Juan Aguirre 0-0: Called Strike
0-1: Foul Ball, location: 2F
0-2: Ball
1-2: Ball
2-2: Foul Ball, location: 2F
2-2: Ball
3-2: SINGLE (Groundball, 56D)
Batting: LHB Forrest McCooke 0-0: Fielders Choice at 2nd, 6-4 (Groundball, 6)
Top of the 9th over - 0 run(s), 1 hit(s), 0 error(s), 0 left on base; Kingston Township 17 - Portland 2
BOTTOM OF THE 9TH
Portland Evergreens batting - Pitching for Kingston Township Legion : RHP Woody Carlson
Batting: RHB Roland Deschain 0-0: Ball
1-0: Ground out 5-3 (Groundball, 56)
Batting: SHB Chris Williamson 0-0: Ball
1-0: Called Strike
1-1: Ball
2-1: Foul Ball, location: 2F
2-2: Ball
3-2: Base on Balls
Batting: LHB Luis Velázquez 0-0: Called Strike
0-1: Ball
1-1: Called Strike
1-2: Fly out, F7 (Flyball, 78M)
Pitching: LHP Il-young Kim
Pinch Hitting: RHB Yuji Ine 0-0: Foul Ball, location: 2F
0-1: Called Strike
0-2: Ball
1-2: Ball
2-2: Strikes out swinging
Bottom of the 9th over - 0 run(s), 0 hit(s), 0 error(s), 1 left on base; Kingston Township 17 - Portland 2
Monday, March 20th, 2017 - OOTP Baseball 17.12 Build 75